AoeStats
← Doak

Lombardia

509661743Analyzed
2v2 RM · 4d ago on Sep 27, 2026· 39m 32s· 4 players
Game mode
Random Map
Map size
Medium (4 player)
Population
200
Speed
Normal
Resources
Standard
Victory
Conquest
Starting age
Dark Age
Ending age
Imperial Age
RankedLock teamsTeams togetherTeam positionsShared explorationLock speedFull tech treeHidden civsTurbo modeCheats
Victory
Defeat
🇬🇧 Dravidians · United Kingdom
1415
+13
🇺🇸 Khitans · United States
1336
+17
🇸🇰 Bohemians · Slovakia
1351
-15
🇸🇰 Cumans · Slovakia
1348
-15
Doak
6:46 Loom
9:28 Feudal Age
10:14 Double-Bit Axe
13:21 Fletching
21:48 Castle Age
22:30 Bodkin Arrow
21:59 Crossbowman
29:22 Gold Mining
29:47 Bow Saw
31:09 Ballistics
36:23 Wheelbarrow
35:54 Padded Archer Armor
36:51 Horse Collar
38:37 Thumb Ring
some.spiced.ham
7:30 Loom
9:52 Feudal Age
10:51 Double-Bit Axe
14:19 Forging
29:32 Scale Barding Armor
31:19 Wheelbarrow
33:57 Castle Age
31:57 Gold Mining
33:13 Domestication
34:44 Husbandry
35:13 Light Cavalry
37:04 Iron Casting
andreolo
7:37 Loom
10:02 Feudal Age
22:37 Castle Age
23:28 Bloodlines
23:30 Scale Barding Armor
23:36 Forging
24:43 Wheelbarrow
35:45 Imperial Age
33:52 Double-Bit Axe
35:26 Chain Barding Armor
35:42 Iron Casting
38:10 Fletching
Ludoolo
10:11 Feudal Age
14:44 Castle Age
14:00 Double-Bit Axe
15:26 Loom
Connection lost

Rejoining the realm…

Still unreachable

The connection could not be restored.

Session expired

The server has moved on; the page needs a fresh start.